 Dungeon Crawl Stone Soup version 0.32-a0-918-g0f22ef8d61 (webtiles) character file.

Game seed: 6874625022291812829

117 Ajdolov the Magician (level 4, 0/30 HPs)
             Began as a Mummy Ice Elementalist on Apr 11, 2024.
             Slain by an orc
             ... wielding a +0 short sword
              (5 damage)
             ... on level 3 of the Dungeon.
             The game lasted 00:04:32 (2611 turns).

Ajdolov the Magician (Mummy Ice Elementalist)       Turns: 2611, Time: 00:04:33

Health: 0/30       AC:  2    Str: 11    XL:     4   Next: 71%
Magic:  6/10       EV: 11    Int: 16    God:
Gold:   110        SH:  0    Dex: 12    Spells: 5/12 levels left

rFire   x . .        g - +5 hand axe
rCold   + . .        (no shield)
rNeg    + + +        a - +0 robe
rPois   ∞            (no helmet)
rElec   .            (no cloak)
rCorr   .            (no gloves)
SInv    .            (no boots)
Will    .....        (no amulet)
Stlth   ++           c - ring of flight
HPRegen 0.25/turn    (no ring)
MPRegen 0.12/turn

%: faith
@: flying
A: cold resistance 1, negative energy resistance 3, torment resistance 2, heat
vulnerability 1, in touch with death 1, no potions, faith
a: Convert to Beogh


You were on level 3 of the Dungeon.
You visited 1 branch of the dungeon, and saw 3 of its levels.

You collected 140 gold pieces.
You spent 30 gold pieces at shops.

Inventory:

Hand Weapons
 d - a +0 spear
 g - a +5 hand axe (weapon)
Missiles
 i - a throwing net
Armour
 a - a +0 robe (worn)
Magical Staves
 m - a staff of fire
Jewellery
 c - a ring of flight (left hand)
Scrolls
 b - a scroll of enchant weapon {unknown}
 e - 3 scrolls of identify {unknown}
 f - a scroll of noise {unknown}
 h - 2 scrolls of revelation {unknown}
 j - a scroll of amnesia {unknown}
 k - a scroll of summoning {unknown}
 l - a scroll of teleportation
 n - a scroll of acquirement {unknown}


   Skills:
 - Level 1.5 Dodging
 - Level 1.5 Stealth
 + Level 4.7 Spellcasting
 + Level 4.2 Ice Magic


You had 5 spell levels left.
You knew the following spells:

 Your Spells              Type           Power      Damage    Failure   Level
a - Freeze                Ice            68%        1d8       2%          1
b - Frozen Ramparts       Ice            34%        1d6       9%          3
c - Ozocubu's Armour      Ice            17%        N/A       9%          3

Your spell library contained the following spells:

 Spells                   Type           Power      Damage    Failure   Level
 Summon Ice Beast         Ice/Summ       10%        N/A       21%         3
 Volatile Blastmotes      Fire/Tloc      6%         2d10      43%         3
 Fulminant Prism          Conj/Alch      1%         3d5       83%         4
 Iskenderun's Mystic Bla Conj/Tloc 3%             2d3        (+2d1     83%         4
 Olgreb's Toxic Radiance  Alch           3%         N/A       83%         4
 Iskenderun's Battlesphe  Conj           3%         2d6       99%         5
 Bombard                  Conj/Erth      1%         9d1       100%        6
 Ozocubu's Refrigeration  Ice            8%         4d9       100%        7
 Spellforged Servitor     Conj/Summ      1%         N/A       100%        7
 Discord                  Hex            1%         N/A       100%        8


Dungeon Overview and Level Annotations

Branches:
Dungeon (3/15)

Altars:

Shops:
D:3 ?


Innate Abilities, Weirdness & Mutations

You are immune to poison.
Your flesh is cold resistant. (rC+)
You are immune to negative energy. (rN+++)
You are immune to unholy pain and torment.
You are vulnerable to heat. (rF-)
You are in touch with the powers of death.
You do not drink.
You have a special connection with the divine. (Faith)


Message History

You kill the bat!
Found a silvery potion.
n - a scroll labelled HUT LUNUMASM 2 orc priests come into view.
The orc priest shouts!
You hear a shout! x2
The orc priest looks encouraged for a moment.
The orc priest misses you.
An orc comes into view. It is wielding a +0 short sword.
The orc priest hits you with a +0 trident.
You freeze the orc priest.
The orc priest is heavily wounded.
The orc priest shouts!
The orc priest begins to cast a cantrip, but forgets the words!
An orc comes into view. It is wielding a +0 flail.
You freeze the orc priest.
The orc priest is almost dead.
The orc priest completely misses you.
The orc priest calls upon Beogh to heal the orc priest.
The orc priest is healed somewhat.
You hear a shout!
Unknown command.
Unknown command.
You freeze the orc priest.
The orc priest is severely wounded.
The orc priest hits you with a +0 trident!
The orc priest calls down the wrath of Beogh upon you.
Beogh smites you!
* * * LOW HITPOINT WARNING * * *
The orc closely misses you.
The orc priest shouts, "Surrender to Beogh and we'll let you live!"
The orc priest shouts, "Beogh offers mercy even to people such as you.
Join us and be reborn!" (press Y on the ability menu to convert to Beogh)
Aiming: Freeze (safe; 2% risk of failure)
Press: ? - help, Q - select action, (/) - cycle Shift-Dir - straight line, f/p - orc priest
Aim: an orc priest, wielding a +0 trident and wearing a +0 leather armour (severely wounded)
You freeze the orc priest.
You kill the orc priest!
A goblin comes into view. It is wielding a +0 club.
The orc hits you with a +0 short sword.
You die...

...######..######.####.#
...# ...#......# #'###
..#.###..# ....##
.#.#....# ..)..#
#.#....# .)...# #......#
.....# ..#####..# ....##
.........# #####
#......@.# #..#...o)#
........o.. #..#...#.#o#
#..#... ...# #. #...
.#.. #### .#g.# .# .


You could see an orc priest, 2 orcs and a goblin.

Vanquished Creatures
  An orc priest (D:3)
  Natasha (twice) (D:2)
  An adder (D:2)
  A dart slug (D:1)
  5 ball pythons
  10 bats
  3 endoplasms
  3 giant cockroaches
  9 goblins
  6 hobgoblins
  5 kobolds
  2 quokkas
  A frilled lizard (D:2)
  3 rats
52 creatures vanquished.

Notes
Turn   | Place    | Note
-------+----------+-------------------------------------------
     0 | D:1      | Ajdolov the Mummy Ice Elementalist began the quest for the
                  | Orb.
     0 | D:1      | Reached XP level 1. HP: 13/13 MP: 4/4
   178 | D:1      | Reached XP level 2. HP: 19/19 MP: 0/6
   978 | D:2      | Reached XP level 3. HP: 20/24 MP: 2/8
  1034 | D:2      | Learned a level 3 spell: Frozen Ramparts
  1038 | D:2      | Learned a level 3 spell: Ozocubu's Armour
  1791 | D:2      | Noticed Natasha
  1796 | D:2      | Killed Natasha
  1797 | D:2      | Reached XP level 4. HP: 23/30 MP: 7/10
  1991 | D:2      | Noticed Natasha
  2009 | D:2      | Killed Natasha
  2414 | D:3      | Found Mumidon's Magic Scroll Shop.
  2417 | D:3      | Bought a scroll of teleportation for 30 gold pieces
  2611 | D:3      | Slain by an orc

Illustrated notes

Levels and vault maps discovered:
D:1:      beargit_arrival_greenhouse, layout_loops_ring
D:2:      layout_basic, minivault_5, uniq_natasha
D:3:      layout_basic, serial_shops, shop, nicolae_shop_behind_doors,
          minmay_goblin_kobold_house

Skill      XL: |  1  2  3 |
---------------+----------+-----
Spellcasting   | 3 4 |  4.7
Ice Magic      | 4 |  4.2
Dodging        | |  1.5
Stealth        | |  1.5

Action                     |  1- 3 |  4- 6 || total
---------------------------+-------+-------++-------
  Melee: Unarmed           |     3 |       ||     3
         Spear             |    36 |       ||    36
         Hand axe          |     2 |     4 ||     6
   Cast: Freeze            |    55 |    11 ||    66
   Stab: Sleeping          |     4 |     1 ||     5
         Distracted        |     1 |       ||     1
 Armour: Robe              |    37 |     9 ||    46
  Dodge: Dodged            |    44 |     6 ||    50

Table legend: (Time is in decaauts)
 A = Elapsed time spent in this place.
 B = Non-inter-level travel time spent in this place.
 C = Inter-level travel time spent in this place.
 D = Time resting spent in this place.
 E = Time spent auto-exploring this place.
 F = Levels seen in this place.
 G = Mean time per level.
                   A        B        C        D        E       F      G
               +--------+--------+--------+--------+--------+-----+--------+
         Total |   2621 |   2346 |    275 |    144 |   1801 |   3 |  873.7 |
       Dungeon |   2621 |   2346 |    275 |    144 |   1801 |   3 |  873.7 |
               +--------+--------+--------+--------+--------+-----+--------+

Top non-repeatable levels by time:
     D:2: 1324 daAuts
     D:1: 948 daAuts
     D:3: 348 daAuts
